 Dungeon Crawl Stone Soup version 0.29.1-12-g30fa7ad0bf (webtiles) character file.

Game seed: 14335860302475810934

149 LustLizard the Shooter (level 5, -3/25 HPs)
             Began as a Spriggan Hunter on Dec 26, 2022.
             Killed by divine providence
             ... invoked by an orc priest
              (11 damage)
             ... on level 3 of the Dungeon.
             The game lasted 00:05:11 (3021 turns).

LustLizard the Shooter (Spriggan Hunter)            Turns: 3021, Time: 00:05:12

Health: -3/25      AC:  2    Str:  7    XL:     5   Next: 9%
Magic:  8/8        EV: 18    Int: 11    God:
Gold:   131        SH:  0    Dex: 20    Spells: 1/7 levels left

rFire   . . .      SeeInvis +   a - +0 shortbow
rCold   . . .      Faith    .   (shield currently unavailable)
rNeg    . . .      Spirit   .   c - +0 robe
rPois   .          Reflect  .   (helmet restricted)
rElec   .          Harm     .   (no cloak)
rCorr   .          Rampage  .   (gloves unavailable)
Will    .....                   (boots unavailable)
Stlth   +++.......              (no amulet)
HPRegen 0.08/turn               (no ring)
MPRegen 0.11/turn               (no ring)

@: very quick
A: very small, no large weapons, unfitting armour, see invisible, speed 3
a: no special abilities


You were on level 3 of the Dungeon.
You visited 1 branch of the dungeon, and saw 3 of its levels.

You collected 131 gold pieces.

Inventory:

Hand Weapons
 a - a +0 shortbow (weapon)
Armour
 c - a +0 robe (worn)
Scrolls
 b - a scroll of immolation
 f - a scroll of blinking {unknown}
 g - 2 scrolls of identify
 i - 2 scrolls of teleportation {unknown}
 k - a scroll of enchant weapon {unknown}
 n - a scroll of fear {unknown}
 q - a scroll of magic mapping {unknown}
Potions
 d - 2 potions of resistance
 e - a potion of brilliance {unknown}
 h - 5 potions of curing
 j - a potion of flight {unknown}
 l - a potion of might {unknown}
 m - a potion of haste {unknown}
 o - a potion of mutation {unknown}
 p - a potion of invisibility {unknown}


   Skills:
 - Level 1.5 Fighting
 * Level 5.1 Ranged Weapons
 - Level 2.6 Dodging
 - Level 3.0 Stealth
 + Level 1.7 Spellcasting
 + Level 0.7 Conjurations
 + Level 0.4 Transmutations
 + Level 0.2 Fire Magic
 + Level 0.9 Air Magic
 + Level 1.3 Poison Magic


You had one spell level left.
You knew the following spells:

 Your Spells              Type           Power      Damage    Failure   Level
a - Mephitic Cloud        Conj/Pois/Air  3%         N/A       52%         3
b - Ignite Poison         Fire/Tmut/Pois 2%         N/A       56%         3

Your spell library contained the following spells:

 Spells                   Type           Power      Damage    Failure   Level
 Freezing Cloud           Conj/Ice/Air   1%         6-21      100%        5


Dungeon Overview and Level Annotations

Branches:
Dungeon (3/15)

Altars:
Ashenzari

Annotations:
D:3 Grinder, Natasha


Innate Abilities, Weirdness & Mutations

You are very small and have problems with some larger weapons.
You are too small for most types of armour.
You have supernaturally acute eyesight. (SInv)
You cover ground extremely quickly. (Speed+++)


Message History

[Y]es or [N]o only, please.
Really target yourself?
Okay, then.
Fire: a) +0 shortbow
Press: ? - help, Q - select action Shift-Dir - straight line, f - orc priest
Aim: an orc priest, wielding a +0 flail and wearing a +0 scale mail (moderately wounded, 68% to hit)
You shoot an arrow.
The arrow closely misses the orc priest.
Fire: a) +0 shortbow
Press: ? - help, Q - select action Shift-Dir - straight line, f/p - orc priest
Aim: an orc priest, wielding a +0 flail and wearing a +0 scale mail (moderately wounded, 68% to hit)
You shoot an arrow.
The arrow hits the orc priest but does no damage.
The orc priest is moderately wounded.
Fire: a) +0 shortbow
Press: ? - help, Q - select action Shift-Dir - straight line, f/p - orc priest
Aim: an orc priest, wielding a +0 flail and wearing a +0 scale mail (moderately wounded, 68% to hit)
You shoot an arrow.
The arrow hits the orc priest but does no damage.
The orc priest is moderately wounded.
Fire: a) +0 shortbow
Press: ? - help, Q - select action Shift-Dir - straight line, f/p - orc priest
Aim: an orc priest, wielding a +0 flail and wearing a +0 scale mail (moderately wounded, 68% to hit)
You shoot an arrow.
The arrow closely misses the orc priest.
The orc priest invokes the aid of Beogh against you.
Beogh smites you!
* * * LOW HITPOINT WARNING * * *
The orc priest begins to cast a cantrip, but forgets the words!
There is an open door here.
You close the door.
Natasha, Servant of Life and Death comes into view.
Natasha moves out of view.
Natasha hisses angrily.
Natasha stares at you and mumbles some strange words.
You easily resist.
Natasha casts a spell.
The orc priest invokes the aid of Beogh against you.
Beogh smites you!
You die...

.## #########.5....#
.8# ###h#### .## #.#
.## #.# .8# #.# .## #.#
.## #.# .8# ###.#######
.############...@.....#
.##8##8##8##.o#.#####.#
...o.......'.#...## #.#
.##8##8##8###.....# #.#
.##########
##...####5###########
.8# #.# ##.##
#..h†......... .## #.#
#.# ##.###.#.####.
.####.###### #.#
######.#.# #.
.8##.#.....#
##)####...##.#.## #.


You could see an orc priest and Natasha.

Vanquished Creatures
  A jelly (D:3)
  An orc priest (D:3)
  Natasha (D:3)
  An adder (D:3)
  A worm (D:2)
  A dart slug (D:3)
  5 orcs (D:3)
  An endoplasm (D:2)
  2 giant cockroaches
  4 goblins
  5 hobgoblins
  4 jackals
  4 kobolds
  4 quokkas
  2 ball pythons (D:3)
  5 frilled lizards
  4 rats
46 creatures vanquished.

Notes
Turn   | Place    | Note
-------+----------+-------------------------------------------
     0 | D:1      | LustLizard the Spriggan Hunter began the quest for the Orb.
     0 | D:1      | Reached XP level 1. HP: 10/10 MP: 2/2
   186 | D:1      | Found a faded altar of an unknown god.
   207 | D:1      | Reached XP level 2. HP: 14/14 MP: 3/3
   632 | D:2      | Found a broken altar of Ashenzari.
  1325 | D:2      | Identified the +6 leather armour of Misanthropy {-Cast
                  | rN++}
  1555 | D:3      | Noticed Grinder
  1568 | D:3      | Reached XP level 3. HP: 18/18 MP: 4/4
  1659 | D:3      | Reached skill level 1 in Spellcasting
  1672 | D:3      | Learned a level 3 spell: Mephitic Cloud
  1677 | D:3      | Reached XP level 4. HP: 22/22 MP: 6/6
  2144 | D:3      | Reached skill level 5 in Ranged Weapons
  2147 | D:3      | Reached skill level 1 in Poison Magic
  2182 | D:3      | Learned a level 3 spell: Ignite Poison
  2185 | D:3      | Noticed Natasha
  2905 | D:3      | Killed Natasha
  2906 | D:3      | Reached XP level 5. HP: 25/25 MP: 8/8
  3012 | D:3      | Noticed Natasha
  3021 | D:3      | Killed from afar by an orc priest

Illustrated notes

Levels and vault maps discovered:
D:1:      wander_arrival_abandoned_jail, layout_loops_ring,
          hellmonk_ecumenical_altar_arch_garden
D:2:      layout_basic, basic_altar
D:3:      layout_loops_corners, dk_noncrumbling_2, chequers_arboretum,
          hangedman_feature_mirror, uniq_natasha, uniq_grinder

Skill      XL: |  1  2  3  4 |
---------------+-------------+-----
Stealth        | 2 3 |  3.0
Spellcasting   | 1 |  1.7
Ranged Weapons | 5 |  5.1
Poison Magic   | 1 |  1.3
Fighting       | |  1.5
Dodging        | |  2.6
Conjurations   | |  0.7
Transmutations | |  0.4
Fire Magic     | |  0.2
Air Magic      | |  0.9

Action                   |  1- 3 |  4- 6 || total
-------------------------+-------+-------++-------
 Fire: Shortbow          |    66 |    88 ||   154
  Use: Scroll            |     2 |       ||     2
Armor: Robe              |     2 |     4 ||     6
Dodge: Dodged            |    31 |    32 ||    63
